 Dungeon Crawl Stone Soup version 0.24-a0-368-g0e0cebd0f3 (webtiles) character file.

Game seed: 10852587955944590339

314202 JellyEater the Scorcher (level 21, 0/131 HPs)
             Began as a Gargoyle Earth Elementalist on May 28, 2019.
             Was the Champion of Vehumet.
             Slain by an orc knight
             ... wielding a +2 great sword of slicing
              (16 damage)
             ... on level 1 of the Vaults on May 29, 2019.
             The game lasted 03:32:56 (47995 turns).

JellyEater the Scorcher (GrEE)                     Turns: 47995, Time: 03:32:58

Health: 0/131      AC: 28    Str: 13    XL:     21   Next: 35%
Magic:  19/39      EV: 18    Int: 41    God:    Vehumet [******]
Gold:   2335       SH:  5    Dex: 12    Spells: 5/49 levels left

rFire    + . .     SeeInvis +   U - +9 flail (protect)
rCold    + . .     Gourm    .   (no shield)
rNeg     + . .     Faith    .   D - +2 robe {Archmagi}
rPois    ∞         Spirit   .   z - +2 helmet
rElec    +         Reflect  +   n - scarf {rC+ rF+}
rCorr    .         Harm     .   c - +0 pair of gloves of Agnosticism {rElec Int+8 Slay-3}
MR       +....                  V - +2 pair of boots of the Assassin {Detection Stab+ Stlth++}
Stlth    ++++......             y - +5 amulet of reflection
HPRegen  0.31/turn              O - ring of see invisible
MPRegen  0.26/turn              F - ring "Xoetapn" {Wiz +Fly Int+4}

@: marked, flying, very slightly contaminated
A: big wings, thin skeletal structure 1, clever 2, negative energy resistance 1,
electricity resistance, unbreathing, petrification resistance, rot immunity, AC
+16
}: 2/15 runes: decaying, gossamer
a: Stop Flying, Renounce Religion


You were on level 1 of the Vaults.
You worshipped Vehumet.
Vehumet was exalted by your worship.
You were hungry.

You visited 7 branches of the dungeon, and saw 35 of its levels.
You also visited: Ossuary, Gauntlet and Wizlab.

You collected 5423 gold pieces.
You spent 3088 gold pieces at shops.

Inventory:

Hand Weapons
 U - a +9 flail of protection (weapon)
Missiles
 b - 454 stones (quivered)
 q - 2 throwing nets
 K - 21 silver javelins
Armour
 c - the +0 pair of gloves of Agnosticism (worn) {rElec Int+8 Slay-3}
   (You bought it in a shop on level 15 of the Dungeon)

   It affects your intelligence (+8).
   It affects your accuracy and damage with ranged weapons and melee attacks
   (-3).
   It insulates you from electricity.
 n - a scarf of resistance (worn)
 z - a +2 helmet (worn)
 D - a +2 robe of the Archmagi (worn)
 V - the +2 pair of boots of the Assassin (worn) {Detection Stab+ Stlth++}
   (You found it on level 3 of the Elven Halls)

   It makes you much more stealthy.
Magical Staves
 G - an uncursed staff of energy
Jewellery
 h - an uncursed ring of fire
 l - the ring of the Two Names {rElec rN+ Int+3}
   (You found it on level 3 of the Swamp)

   [ring of positive energy]

   It affects your intelligence (+3).
   It insulates you from electricity.
   It protects you from negative energy.
 y - a +5 amulet of reflection (around neck)
 F - the ring "Xoetapn" (right hand) {Wiz +Fly Int+4}
   (You took it off a deep elf knight on level 3 of the Elven Halls)

   [ring of wizardry]

   It improves your spell success rate.
   It affects your intelligence (+4).
   It lets you fly.
 M - an uncursed ring of resist corrosion
 O - a ring of see invisible (left hand)
Wands
 f - a wand of clouds (3)
 I - a wand of iceblast (46)
 J - a wand of enslavement (19)
 P - a wand of disintegration (43)
 W - a wand of paralysis (25)
 Z - a wand of acid (8)
Scrolls
 a - 13 scrolls of remove curse
 e - 6 scrolls of amnesia
 i - 25 scrolls of identify
 j - 9 scrolls of teleportation
 k - 5 scrolls of blinking
 o - a scroll of magic mapping
 t - 2 scrolls of fog
 H - 2 scrolls of immolation
Potions
 m - 3 potions of brilliance
 r - a potion of ambrosia
 s - 6 potions of haste
 v - a potion of invisibility
 w - 3 potions of heal wounds
 x - 4 potions of might
 A - 2 potions of agility
 C - 6 potions of cancellation
 Q - 3 potions of curing
 Y - 4 potions of berserk rage
Miscellaneous
 p - a lightning rod (4/4)
 L - 2 phantom mirrors
 R - a fan of gales
 S - a lamp of fire
 T - a phial of floods
Comestibles
 d - 49 rations
 X - 18 chunks of flesh


   Skills:
 + Level 13.7 Fighting
 + Level 12.7 Maces & Flails
 - Level 6.0 Armour
 + Level 11.2 Dodging
 - Level 2.1 Stealth
 * Level 14.8 Spellcasting
 + Level 14.2 Conjurations
 + Level 1.0 Necromancy
 - Level 0.7 Transmutations
 * Level 16.7 Fire Magic
 + Level 15.9 Earth Magic
 - Level 6.0 Evocations


You had 5 spell levels left.
You knew the following spells:

 Your Spells              Type           Power        Failure   Level  Hunger
a - Sandblast             Erth           ######       0%          1    None
b - Stone Arrow           Conj/Erth      ######       0%          3    None
c - Lee's Rapid Deconstr  Erth           ########..   1%          5    None
d - Iron Shot             Conj/Erth      ########..   1%          6    None
e - Venom Bolt            Conj/Pois      #######...   1%          5    None
f - Bolt of Fire          Conj/Fire      ########..   1%          6    None
g - Ignition              Fire           ########..   1%          8    #####..
h - Irradiate             Conj/Tmut      #######...   1%          5    None
i - Dispel Undead         Necr           ######..     8%          5    None

Your spell library contained the following spells:

 Spells                   Type           Power        Failure   Level  Hunger
 Lehudib's Crystal Spear  Conj/Erth      ########..   1%          8    #####..
 Chain Lightning          Conj/Air       #######...   32%         8    #####..
 Glaciate                 Conj/Ice       #######...   98%         9    ######.
 Magic Dart               Conj           ####         0%          1    None
 Throw Flame              Conj/Fire      ######       0%          2    None
 Conjure Flame            Conj/Fire      ########     0%          3    None
 Animate Skeleton         Necr           N/A          1%          1    None
 Apportation              Tloc           #####.       1%          1    None
 Confusing Touch          Hex            #####.       1%          1    None
 Corona                   Hex            #####..      1%          1    None
 Infusion                 Chrm           ####         1%          1    None
 Pain                     Necr           ####         1%          1    None
 Shock                    Conj/Air       ####         1%          1    None
 Summon Butterflies       Summ           #####...     1%          1    None
 Summon Small Mammal      Summ           ####         1%          1    None
 Blink                    Tloc           N/A          1%          2    None
 Call Imp                 Summ           #####...     1%          2    None
 Ensorcelled Hibernation  Hex/Ice        #####.       1%          2    None
 Passwall                 Tmut/Erth      #######.     1%          2    None
 Poisonous Vapours        Pois/Air       #####.       1%          2    None
 Shroud of Golubria       Chrm/Tloc      #####.....   1%          2    None
 Slow                     Hex            #####...     1%          2    None
 Song of Slaying          Chrm           #####...     1%          2    None
 Swiftness                Chrm/Air       #####...     1%          2    None
 Throw Frost              Conj/Ice       ######       1%          2    None
 Call Canine Familiar     Summ           #####...     1%          3    None
 Confuse                  Hex            #####...     1%          3    None
 Dazzling Spray           Conj/Hex       ######       1%          3    None
 Gell's Gravitas          Tloc           #####.....   1%          3    None
 Ignite Poison            Fire/Tmut/Pois #######.     1%          3    None
 Lesser Beckoning         Tloc           #####.....   1%          3    None
 Mephitic Cloud           Conj/Pois/Air  #######.     1%          3    None
 Recall                   Summ/Tloc      N/A          1%          3    None
 Regeneration             Chrm/Necr      ######....   1%          3    None
 Spectral Weapon          Hex/Chrm       #####...     1%          3    None
 Static Discharge         Conj/Air       #######.     1%          3    None
 Summon Guardian Golem    Hex/Summ       #####...     1%          3    None
 Teleport Other           Tloc           #####...     1%          3    None
 Tukima's Dance           Hex            #####...     1%          3    None
 Vampiric Draining        Necr           ######....   1%          3    None
 Airstrike                Air            #####.....   1%          4    None
 Petrify                  Tmut/Erth      #######.     1%          4    None
 Bolt of Magma            Conj/Fire/Erth ########..   1%          5    None
 Borgnjor's Vile Clutch   Necr/Erth      ########..   1%          5    None
 Iskenderun's Battlesphe  Conj/Chrm      #######.     1%          5    None
 Lightning Bolt           Conj/Air       #######...   1%          5    None
 Animate Dead             Necr           N/A          2%          4    None
 Ice Form                 Ice/Tmut       ######..     3%          4    None
 Yara's Violent Unravell  Hex/Tmut       ######....   3%          5    None
 Passage of Golubria      Tloc           N/A          4%          4    None
 Summon Ice Beast         Ice/Summ       #####...     4%          4    None
 Summon Lightning Spire   Summ/Air       #####...     4%          4    None
 Excruciating Wounds      Chrm/Necr      ######....   9%          5    None
 Alistair's Intoxication  Tmut/Pois      ######..     10%         5    None
 Metabolic Englaciation   Hex/Ice        #####.....   12%         5    None
 Summon Mana Viper        Hex/Summ       #####...     12%         5    None
 Orb of Destruction       Conj           ########..   1%          7    ###....
 Freezing Cloud           Conj/Ice/Air   #######...   2%          6    None
 Spellforged Servitor     Conj/Summ      #######...   5%          7    ###....
 Ring of Flames           Chrm/Fire      #######...   11%         7    ###....
 Ozocubu's Refrigeration  Ice            #####.....   16%         6    None
 Shatter                  Erth           ########..   16%         9    ######.
 Death Channel            Necr           ######....   36%         6    None
 Hydra Form               Tmut           ######....   41%         6    None
 Simulacrum               Ice/Necr       ######....   43%         6    None
 Dragon Form              Tmut           ######....   91%         7    ###....
 Summon Hydra             Summ           #####.....   96%         7    ###....
 Tornado                  Air            #####.....   100%        9    ######.
 Sublimation of Blood     Necr           Unusable     N/A         2    N/A
 Statue Form              Tmut/Erth      Unusable     N/A         6    N/A

Dungeon Overview and Level Annotations

Branches:
Dungeon (15/15)            Temple (0/1) D:5            Lair (6/6) D:8
  Swamp (4/4) Lair:4       Spider (4/4) Lair:2        Slime (0/5) Lair:6
    Orc (2/2) D:11            Elf (3/3) Orc:2        Vaults (1/5) D:13
 Depths (0/5) D:15

Altars:
Ashenzari
Cheibriados
Elyvilon
Hepliaklqana
Makhleb
Okawaru
Qazlal
Ru
Uskayaw
Vehumet
Xom
Zin
Jiyva

Shops:
D:5 (!**   D:10 !   D:15 [   Orc:2 [%:   Elf:1 *

Portals:
Pandemonium: Orc:2
Trove: D:12 (show slimy rune of Zot)

Annotations:
Elf:1 1 runed translucent door, Kojohuesch's ghost, veteran GrFi
Elf:2 5 runed translucent doors


Innate Abilities, Weirdness & Mutations

You are resistant to torment.
Your stone body is resilient. (AC +16)
You are immune to poison.
Your large and strong wings let you fly indefinitely.
You resist negative energy. (rN+)
You are resistant to electric shocks. (rElec)
You can survive without breathing.
You are immune to petrification.
You are immune to rotting.
You have a somewhat thin skeletal structure. (Dex +2, Stealth)
Your mind is very acute. (Int +4)


Message History

An orc knight comes into view. It is wielding a +3 broad axe.
A fire dragon comes into view.
A vault warden comes into view. It is wielding a +0 bardiche.
The vault warden activates a sealing rune.
A door slams shut!
You see here a harpy corpse.
You bump into the stone wall.
The vault warden hits you with a +0 war axe.
* * * LOW HITPOINT WARNING * * *
A wizard comes into view. It is wielding a +0 dagger.
A two-headed ogre comes into view. It is wielding two +0 giant clubs.
A deep elf mage comes into view. It is wielding a +0 halberd.
A yaktaur comes into view.
You feel less invigorated.
You feel less confused.
The vault warden hits you with a +0 war axe!!
* * * LOW HITPOINT WARNING * * *
You block the orc knight's attack.
The orc knight hits you with a +2 great sword of slicing!
You die...

*,,,,,,,* *,,,,,,* ***********
######+#* *,,,,,,* *,,,,,,,,,,
.......# *,,,,,,* *,,,,,,,,,,
.......# *,,,,,,* *,,,,,,,,,,
.......# *,,,,,,* *,,,,,,,,,,
.......# *,,,,,,* *,,,,,,,,,,
.......##########+#####D..,,,,,,,
.......#......#(o†).))+...,,,,,,,
..)).))'.cO.((po@p†.).####*******
.....((#†...ec#.......#
########....p.#.......# ..#
#......#.......# ..#
#......#.......# ..#
#......######### ..# #..pc..# ..#
***#'))#### ..# *,,,,,,,*


You could see 2 vault wardens, 2 orc knights, a two-headed ogre, 2 yaktaurs and
a deep elf mage.

Vanquished Creatures
  An ancient lich (WizLab)
  Mara (Spider:4)
  the Lernaean hydra (Swamp:4)
  Jorgrun (D:13)
  The ghost of grizmgrazm2 the Covert, an adept GnWn of Ashenzari (Spider:4)
  Rupert (D:12)
  2 deep elf blademasters (Elf:3)
  A deep elf master archer (Elf:3)
  3 ancient champions (WizLab)
  A thorn hunter (Swamp:4)
  The ghost of Zero the Severer, an adept GrBe of Trog (Swamp:4)
  5 ghost moths (Spider:4)
  10 deep elf sorcerers (Elf:3)
  Aizul (Spider:2)
  3 emperor scorpions
  An ironheart preserver (Vaults:1)
  8 deep elf elementalists (Elf:3)
  Nessos (Lair:6)
  A very ugly thing (Swamp:4)
  2 deep elf demonologists (Elf:3)
  A minotaur (Gauntlet)
  Azrael (D:15)
  9 deep elf annihilators
  2 spark wasps (Spider:4)
  3 deep elf death magi
  2 death oozes
  2 fire dragons
  Josephine (D:12)
  6 deep elf high priests (Elf:3)
  5 vault guards
  3 catoblepae
  25 hydras
  An ice dragon (D:15)
  5 centaur warriors
  2 shambling mangroves (Swamp:3)
  An ogre mage (Vaults:1)
  A ghost crab (Swamp:4)
  3 two-headed ogres
  18 alligators
  15 death yaks
  The ghost of Zero the Cleaver, a journeyman GrBe of Trog (Lair:1)
  A deep troll shaman (Lair:6)
  14 dancing weapons
  8 orc high priests
  Sonja (Lair:3)
  17 deep elf knights
  9 skeletal warriors (WizLab)
  4 unseen horrors
  The ghost of wont the Thaumaturge, a novice DEIE of Vehumet (D:9)
  A spriggan druid (Swamp:4)
  9 swamp dragons
  A torturous demonspawn (Orc:2)
  23 deep elf archers
  A gelid demonspawn (Orc:2)
  A lindwurm (shapeshifter) (Elf:2)
  An ironbrand convoker (Vaults:1)
  69 deep elf magi
  An oklob plant (Lair:3)
  4 orc knights (Orc:2)
  5 necromancers
  7 orc sorcerers
  4 harpies (Vaults:1)
  28 wolf spiders
  15 orb spiders
  7 wolf spider zombies (Spider:3)
  15 ugly things
  36 orc warriors
  3 cyclopes
  2 spectral centaurs (D:9)
  3 moths of wrath
  2 manticores (D:13)
  9 black mambas
  5 elephants (Lair:6)
  2 rust devils (Orc:2)
  A torpor snail (Lair:4)
  2 vault sentinels (Vaults:1)
  3 gargoyles
  3 rime drakes
  2 large abominations (Elf:1)
  An orange demon (Orc:2)
  25 spiny frogs
  6 yaktaurs (Vaults:1)
  11 redback zombies
  An ice devil (Orc:2)
  3 kobold demonologists
  8 demonic crawlers
  10 komodo dragons
  A hellwing (Orc:2)
  20 jumping spiders
  A queen bee (Lair:3)
  Prince Ribbit (D:9)
  5 trolls
  A tengu simulacrum (Vaults:1)
  3 polar bears
  30 blink frogs
  10 tyrant leeches
  A raiju (Gauntlet)
  24 hornets
  14 bog bodies
  8 tarantella zombies (Spider:3)
  12 slime creatures
  4 dream sheep (Lair:4)
  9 hippogriffs
  A water elemental (Elf:3)
  A ynoxinul (Orc:2)
  22 tarantellas
  A centaur simulacrum (D:9)
  5 air elementals
  6 spriggans
  2 shadows (Swamp:4)
  5 vampires
  2 wyverns
  43 yaks
  7 wraiths
  6 fire elementals
  7 humans (D:13)
  47 redbacks
  A human simulacrum (Vaults:1)
  A basilisk (shapeshifter) (D:15)
  3 basilisks
  3 steam dragons
  4 hungry ghosts
  A neqoxec (Orc:2)
  22 vampire mosquitoes
  4 wargs
  14 insubstantial wisps
  17 swamp worms
  A soldier ant (D:11)
  5 two-headed ogre zombies (WizLab)
  3 acid dragons
  11 water moccasins
  A hell hound (D:15)
  7 porcupines
  Duvessa (D:7)
  13 swamp drakes
  6 sky beasts
  An eye of draining (D:13)
  4 ice beasts
  3 black bears
  4 phantoms
  21 centaurs
  15 ogres
  21 wolves
  13 crocodiles
  A spectral wyvern (D:9)
  4 elf zombies (Elf:1)
  4 big kobolds
  13 bullfrogs
  4 earth elementals
  2 elf skeletons (D:4)
  A water moccasin zombie (D:6)
  2 wyvern skeletons
  5 scorpions
  A scorpion (shapeshifter) (Vaults:1)
  10 troll zombies
  Dowan (D:7)
  23 killer bees (Lair:3)
  17 wights
  5 electric eels
  5 howler monkeys
  6 crimson imps
  3 quasits
  8 hounds
  2 bullfrog zombies (Ossuary)
  29 orc priests
  A wyvern simulacrum (D:9)
  6 jellies
  4 centaur zombies
  4 human skeletons (D:4)
  22 orc wizards
  3 bullfrog skeletons
  3 centaur skeletons
  12 worker ants
  A lightning spire (Gauntlet)
  9 ogre zombies
  2 hound zombies
  A hound skeleton (D:11)
  17 mummies (Ossuary)
  4 worker ant zombies
  19 adders
  5 shadow imps
  4 oozes
  An adder zombie (D:5)
  An adder skeleton (D:10)
  6 worms
  4 dart slugs
  4 leopard geckos
  82 orcs
  3 giant cockroaches
  8 goblins
  8 hobgoblins
  6 jackals (D:9)
  9 quokkas
  3 ball pythons
  9 bats
  10 frilled lizards
  A goblin skeleton (D:11)
  A goblin zombie (D:11)
  2 hobgoblin skeletons (D:11)
  A hobgoblin zombie (D:11)
  A jackal skeleton (D:6)
  2 jackal zombies
  21 kobolds
  3 leopard gecko zombies
  2 orc skeletons (D:11)
  12 orc zombies (D:11)
  A quokka skeleton (D:7)
  A quokka zombie (Ossuary)
  11 rats
  A fungus (Swamp:4)
  2 plants (Lair:2)
1516 creatures vanquished.

Vanquished Creatures (collateral kills)
  A hippogriff (D:9)
  An adder (D:9)
  An orc (D:9)
  2 jackals (D:9)
5 creatures vanquished.

Vanquished Creatures (others)
  A deep elf master archer (Elf:3)
  A centaur zombie (D:14)
  A human (D:13)
  An orc warrior (D:9)
  A centaur (D:11)
  A spectral centaur (D:9)
  A bullfrog zombie (D:9)
  2 orcs (Orc:2)
  2 kobolds (D:11)
  24 fungi
  31 plants
  5 withered plants
71 creatures vanquished.

Grand Total: 1592 creatures vanquished

Notes
Turn   | Place    | Note
-------+----------+-------------------------------------------
     0 | D:1      | JellyEater the Gargoyle Earth Elementalist began the quest
                  | for the Orb.
     0 | D:1      | Reached XP level 1. HP: 10/10 MP: 3/3
   114 | D:1      | Reached XP level 2. HP: 11/15 MP: 3/5
   747 | D:1      | Reached XP level 3. HP: 13/19 MP: 3/6
   849 | D:1      | Learned a level 3 spell: Stone Arrow
   954 | D:2      | Reached skill level 1 in Conjurations
   962 | D:2      | Reached XP level 4. HP: 20/24 MP: 8/8
  1260 | D:2      | Found a burning altar of Makhleb.
  1262 | D:2      | Found a radiant altar of Vehumet.
  1280 | D:2      | Became a worshipper of Vehumet
  1592 | D:2      | Reached skill level 5 in Earth Magic
  1753 | D:3      | Reached XP level 5. HP: 19/28 MP: 9/9
  1777 | D:3      | Learned a level 5 spell: Lee's Rapid Deconstruction
  1996 | D:3      | Found a snail-covered altar of Cheibriados.
  2025 | D:3      | Reached * piety under Vehumet
  2025 | D:3      | Offered knowledge of Magic Dart by Vehumet.
  2815 | D:4      | Reached XP level 6. HP: 27/32 MP: 11/11
  2908 | D:4      | Found a sand-covered staircase.
  2917 | Ossuary  | Entered an ossuary
  3030 | Ossuary  | Reached XP level 7. HP: 28/36 MP: 13/13
  3160 | Ossuary  | Reached ** piety under Vehumet
  3160 | Ossuary  | Offered knowledge of Sting by Vehumet.
  3188 | Ossuary  | Reached skill level 1 in Armour
  3198 | Ossuary  | Reached skill level 1 in Fighting
  3370 | Ossuary  | Reached skill level 1 in Maces & Flails
  3601 | D:4      | Reached XP level 8. HP: 43/43 MP: 15/15
  4058 | D:4      | Reached skill level 5 in Spellcasting
  4795 | D:5      | Entered Level 5 of the Dungeon
  4795 | D:5      | Found a staircase to the Ecumenical Temple.
  4800 | D:5      | Offered knowledge of Throw Frost by Vehumet.
  4828 | D:5      | Found Vehyemm's General Store.
  4832 | D:5      | Bought a scroll of identify for 24 gold pieces
  4832 | D:5      | Bought a scroll of remove curse for 36 gold pieces
  4903 | D:5      | Reached skill level 5 in Conjurations
  5124 | D:5      | Reached *** piety under Vehumet
  5199 | D:5      | Found Qepreum's Weapon Shoppe.
  5268 | D:5      | Reached XP level 9. HP: 50/50 MP: 16/16
  5306 | D:5      | Found Hyjil's Assorted Antiques.
  5309 | D:5      | Bought a silver wand for 96 gold pieces
  5309 | D:5      | Bought a fizzy inky potion for 21 gold pieces
  5309 | D:5      | Bought a scroll of identify for 48 gold pieces
  5309 | D:5      | Bought a pink potion for 21 gold pieces
  5580 | D:5      | Found Weeg's Distillery.
  5583 | D:5      | Bought a potion of lignification for 33 gold pieces
  5847 | D:6      | Found a glowing silver altar of Zin.
  5848 | D:6      | Noticed an angel
  5852 | D:6      | Found a shimmering altar of Xom.
  5859 | D:6      | Found a stormy altar of Qazlal.
  5860 | D:6      | Found a hide-covered altar of Uskayaw.
  5861 | D:6      | Found a white marble altar of Elyvilon.
  5861 | D:6      | Found a hazy altar of Hepliaklqana.
  5954 | D:6      | Offered knowledge of Force Lance by Vehumet.
  6195 | D:7      | Noticed Dowan
  6199 | D:7      | Killed Dowan
  6235 | D:7      | Noticed Duvessa
  6250 | D:7      | Killed Duvessa
  6810 | D:8      | Noticed Joseph
  6815 | D:8      | Noticed Joseph
  6815 | D:8      | Joseph changed into Joseph the orb spider
  6819 | D:8      | Killed Joseph the orb spider
  6890 | D:8      | Reached XP level 10. HP: 57/58 MP: 19/19
  6983 | D:8      | Reached **** piety under Vehumet
  7083 | D:8      | Found a staircase to the Lair.
  7191 | D:8      | Offered knowledge of Bolt of Draining by Vehumet.
  7336 | D:8      | Found a sacrificial altar of Ru.
  7417 | D:9      | Noticed Prince Ribbit
  7672 | D:9      | Reached skill level 5 in Armour
  7743 | D:9      | Reached skill level 5 in Fighting
  7830 | D:9      | Found a runed translucent gate.
  7830 | D:9      | Found a runed translucent gate.
  7836 | D:9      | Found a runed translucent gate.
  7840 | D:9      | Noticed wont's ghost (novice DEIE)
  7840 | D:9      | Noticed a spectral centaur warrior
  7841 | D:9      | Noticed a spectral centaur warrior
  7853 | D:9      | Reached ***** piety under Vehumet
  8014 | D:9      | Offered knowledge of Conjure Ball Lightning by Vehumet.
  8067 | D:9      | Killed Prince Ribbit
  8476 | D:9      | Reached skill level 5 in Maces & Flails
  8590 | D:9      | Killed a spectral centaur warrior
  8590 | D:9      | Reached XP level 11. HP: 56/64 MP: 2/21
  8643 | D:9      | Killed wont's ghost
  8643 | D:9      | Reached skill level 5 in Dodging
  8852 | D:10     | Entered Level 10 of the Dungeon
  9287 | D:10     | Found Biusch's Distillery.
  9291 | D:10     | Bought 2 potions of heal wounds for 110 gold pieces
  9800 | D:10     | Gained mutation: Your spells are a little harder to cast,
                  | but a little more powerful. [potion of mutation]
  9800 | D:10     | Gained mutation: You are weak. (Str -2) [potion of
                  | mutation]
  9800 | D:10     | Gained mutation: You have a pair of small horns on your
                  | head. [potion of mutation]
  9969 | D:10     | Reached skill level 1 in Evocations
 10197 | D:11     | Noticed a cyclops
 10209 | D:11     | Killed a cyclops
 10565 | D:11     | Noticed an unseen horror
 10568 | D:11     | Killed an unseen horror
 10568 | D:11     | Reached skill level 10 in Earth Magic
 10831 | D:11     | Offered knowledge of Freezing Cloud by Vehumet.
 10879 | D:11     | Noticed a cyclops
 10880 | D:11     | Noticed a brown ugly thing
 10881 | D:11     | Found a staircase to the Orcish Mines.
 10892 | D:11     | Killed a brown ugly thing
 10895 | D:11     | Killed a cyclops
 10895 | D:11     | Reached XP level 12. HP: 50/72 MP: 23/23
 12180 | D:12     | Noticed a four-headed hydra
 12184 | D:12     | Killed a four-headed hydra
 12305 | D:12     | Found a shimmering altar of Xom.
 12306 | D:12     | Found a shimmering altar of Xom.
 12306 | D:12     | Found a shimmering altar of Xom.
 12377 | D:12     | Noticed a vault guard
 12384 | D:12     | Killed a vault guard
 12448 | D:12     | Found a portal to a secret trove of treasure.
 12532 | D:12     | Noticed a two-headed ogre
 12540 | D:12     | Killed a two-headed ogre
 12721 | D:12     | Found a shimmering altar of Xom.
 12735 | D:12     | Noticed Josephine
 12750 | D:12     | Killed Josephine
 12752 | D:12     | Offered knowledge of Iron Shot by Vehumet.
 12891 | D:12     | You fall into a shaft and drop 3 floors!
 12891 | D:15     | Entered Level 15 of the Dungeon
 12905 | D:15     | Noticed Azrael
 13015 | D:13     | Noticed a six-headed hydra
 13050 | D:13     | Found a gate leading to a gauntlet.
 13054 | Gauntlet | Entered a Gauntlet
 13054 | Gauntlet | Found a runed translucent gate.
 13054 | Gauntlet | Found a transporter.
 13054 | Gauntlet | Found a runed translucent gate.
 13054 | Gauntlet | Found a runed translucent gate.
 13054 | Gauntlet | Found a transporter.
 13054 | Gauntlet | Noticed a death ooze
 13086 | Gauntlet | Found a transporter.
 13090 | Gauntlet | Found a transporter.
 13094 | Gauntlet | Found a runed translucent door.
 13094 | Gauntlet | Found a runed translucent door.
 13098 | Gauntlet | Found a transporter.
 13102 | Gauntlet | Found a transporter.
 13110 | Gauntlet | Found a transporter.
 13124 | Gauntlet | Found the macabre finger necklace {rN+}
 13126 | Gauntlet | Found a transporter.
 13143 | Gauntlet | Found a transporter.
 13144 | Gauntlet | Found a transporter.
 13152 | Gauntlet | Found a transporter.
 13156 | Gauntlet | Found a transporter.
 13271 | Gauntlet | Noticed a catoblepas
 13320 | Gauntlet | Killed a death ooze
 13320 | Gauntlet | Reached XP level 13. HP: 61/79 MP: 24/25
 13787 | Gauntlet | Identified the +1 plate armour of Kaulyla {+Inv}
 13787 | Gauntlet | Noticed a minotaur
 13810 | Gauntlet | Killed a minotaur
 14386 | D:13     | Noticed a vault guard
 14392 | D:13     | Noticed a vault guard
 14401 | D:13     | Killed a vault guard
 14415 | D:13     | Killed a vault guard
 14415 | D:13     | Reached skill level 5 in Evocations
 14439 | D:13     | Identified the +0 plate armour of the Hanged Man {*Slow
                  | rElec rCorr SInv}
 14439 | D:13     | Noticed a vault guard
 14445 | D:13     | Noticed a vault guard
 14461 | D:13     | Killed a vault guard
 14573 | D:13     | Killed a vault guard
 14581 | D:13     | Learned a level 6 spell: Iron Shot
 14625 | D:13     | Found a gate to the Vaults.
 14628 | D:13     | Noticed Jorgrun
 14635 | D:13     | Killed Jorgrun
 14635 | D:13     | Reached skill level 10 in Conjurations
 15674 | D:13     | Gained mutation: Your large and strong wings let you fly
                  | indefinitely. [Gargoyle growth]
 15674 | D:13     | Reached XP level 14. HP: 86/86 MP: 23/27
 15919 | D:12     | Noticed Rupert
 15924 | D:12     | Killed Rupert
 17029 | D:15     | Found Vimut's Antique Armour Boutique.
 17045 | D:15     | Killed Azrael
 17202 | D:15     | Bought a pair of polished gloves for 361 gold pieces
 17212 | D:15     | Identified the cursed +0 pair of gloves of Agnosticism
                  | {rElec Int+8 Slay-3} (You bought it in a shop on level 15
                  | of the Dungeon)
 17517 | D:15     | Found a staircase to the Depths.
 17599 | D:15     | Reached skill level 10 in Fighting
 18019 | D:15     | Found an iron altar of Okawaru.
 18271 | Lair:1   | Entered Level 1 of the Lair of Beasts
 18271 | Lair:1   | Found a runed translucent gate.
 18272 | Lair:1   | Found a runed translucent gate.
 18273 | Lair:1   | Found a runed translucent gate.
 18278 | Lair:1   | Noticed Zero's ghost (journeyman GrBe)
 18285 | Lair:1   | Found a viscous altar of Jiyva.
 18564 | Lair:1   | You are sucked into a shaft and drop 1 floor!
 18632 | Lair:1   | Offered knowledge of Venom Bolt by Vehumet.
 19792 | Lair:2   | Reached skill level 10 in Spellcasting
 20019 | Lair:2   | Found a hole to the Spider Nest.
 20671 | Lair:2   | Reached XP level 15. HP: 69/93 MP: 29/29
 20678 | Lair:2   | Learned a level 5 spell: Venom Bolt
 21130 | Lair:3   | Noticed Sonja
 21135 | Lair:3   | Killed Sonja
 22025 | Lair:3   | Reached skill level 10 in Maces & Flails
 22419 | Lair:4   | Found a staircase to the Swamp.
 22605 | Lair:4   | You are sucked into a shaft and drop 1 floor!
 22718 | Lair:4   | Reached ****** piety under Vehumet
 23190 | Lair:4   | Offered knowledge of Spellforged Servitor by Vehumet.
 24188 | Lair:6   | Entered Level 6 of the Lair of Beasts
 25083 | Lair:6   | Noticed Nessos
 25116 | Lair:6   | Killed Nessos
 25383 | Lair:6   | Found a staircase to the Slime Pits.
 25383 | Lair:6   | Found a viscous altar of Jiyva.
 25718 | Lair:6   | Reached XP level 16. HP: 100/100 MP: 20/30
 26643 | Orc:1    | Entered Level 1 of the Orcish Mines
 26937 | Orc:2    | Entered Level 2 of the Orcish Mines
 27358 | Orc:2    | Offered knowledge of Bolt of Fire by Vehumet.
 27366 | Orc:2    | Learned a level 6 spell: Bolt of Fire
 27387 | Orc:2    | Reached skill level 1 in Fire Magic
 27531 | Orc:2    | Found Behukh's Food Shoppe.
 27533 | Orc:2    | Found Roxa's Food Emporium.
 27539 | Orc:2    | Reached skill level 2 in Fire Magic
 27789 | Orc:2    | Found a staircase to the Elven Halls.
 27818 | Orc:2    | Reached skill level 3 in Fire Magic
 28554 | Orc:2    | Reached skill level 4 in Fire Magic
 28747 | Orc:2    | Offered knowledge of Poison Arrow by Vehumet.
 28748 | Orc:2    | Reached skill level 5 in Fire Magic
 28969 | Orc:2    | Reached skill level 6 in Fire Magic
 29093 | Orc:2    | Found Qoublatt's Antique Armour Boutique.
 29093 | Orc:2    | Found Kubress's Book Shop.
 29094 | Orc:2    | Found a one-way gate leading to the halls of Pandemonium.
 29145 | Orc:2    | Bought a book of the Tempests for 1120 gold pieces
 29152 | Orc:2    | Learned a level 6 spell: Poison Arrow
 29223 | Orc:2    | Upgraded the game from 0.24-a0-366-gc1c896e988 to
                  | 0.24-a0-368-g0e0cebd0f3
 29269 | Elf:1    | Entered Level 1 of the Elven Halls
 29368 | Elf:1    | Reached skill level 7 in Fire Magic
 29496 | Elf:1    | Found Ruleog's General Store.
 29595 | Elf:1    | Bought a +8 flail of crushing for 613 gold pieces
 29688 | Elf:1    | Reached skill level 8 in Fire Magic
 29895 | Elf:1    | Reached skill level 9 in Fire Magic
 30344 | Elf:1    | Reached skill level 10 in Fire Magic
 30361 | Elf:1    | Reached XP level 17. HP: 103/106 MP: 24/32
 30383 | Elf:1    | Identified the Handbook of Darkness
 30523 | Elf:1    | Found a runed translucent door.
 30523 | Elf:1    | Noticed Kojohuesch's ghost (veteran GrFi)
 31060 | Elf:2    | Reached skill level 11 in Fire Magic
 31691 | Elf:2    | Found a huge runed translucent gate.
 31691 | Elf:2    | Found a huge runed translucent gate.
 31691 | Elf:2    | Found a huge runed translucent gate.
 31693 | Elf:2    | Found a huge runed translucent gate.
 31693 | Elf:2    | Found a huge runed translucent gate.
 31739 | Elf:2    | Reached skill level 12 in Fire Magic
 32017 | Elf:2    | Reached skill level 13 in Fire Magic
 32623 | Elf:2    | Learned a level 8 spell: Ignition
 32660 | Elf:3    | Entered Level 3 of the Elven Halls
 32677 | Elf:3    | Found a magical portal.
 32686 | WizLab   | Entered Zonguldrok's Shrine
 32832 | WizLab   | Noticed an ancient champion
 32832 | WizLab   | Noticed an ancient champion
 32849 | WizLab   | Killed an ancient champion
 32853 | WizLab   | Killed an ancient champion
 32857 | WizLab   | Noticed an ancient champion
 32861 | WizLab   | Killed an ancient champion
 33429 | WizLab   | Noticed an antique lich
 33432 | WizLab   | Killed an antique lich
 33539 | WizLab   | Found the +9 sword of Zonguldrok {reap}
 33602 | WizLab   | Learned a level 5 spell: Irradiate
 33656 | Elf:3    | Reached XP level 18. HP: 112/112 MP: 27/33
 33777 | Elf:3    | Reached skill level 14 in Fire Magic
 34227 | Elf:3    | Offered knowledge of Lehudib's Crystal Spear by Vehumet.
 34227 | Elf:3    | Offered knowledge of Glaciate by Vehumet.
 34227 | Elf:3    | Offered knowledge of Chain Lightning by Vehumet.
 34521 | Elf:3    | Noticed a deep elf master archer
 34524 | Elf:3    | Killed a deep elf master archer
 35434 | Elf:3    | Noticed a deep elf blademaster
 35614 | Elf:3    | Identified a scroll of acquirement
 35624 | Elf:3    | Killed a deep elf blademaster
 35905 | Elf:3    | Identified the ring "Xoetapn" {Wiz +Fly Int+4}
 35913 | Elf:3    | Noticed a deep elf master archer
 35915 | Elf:3    | Killed a deep elf master archer
 36107 | Elf:3    | Identified the +2 robe "Empaomaw" {*Contam rElec Dex+8}
 36110 | Elf:3    | Reached skill level 10 in Dodging
 36110 | Elf:3    | Reached XP level 19. HP: 117/117 MP: 9/36
 36303 | Elf:3    | Reached skill level 15 in Fire Magic
 36739 | Elf:3    | Found the +2 pair of boots of the Assassin {Detection Stab+
                  | Stlth++}
 36780 | Elf:3    | Identified Sif Muna's Almanac of Frigorific
                  | Self-Improvement
 37933 | Orc:2    | Bought a ration for 55 gold pieces
 37933 | Orc:2    | Bought a ration for 55 gold pieces
 37933 | Orc:2    | Bought a ration for 55 gold pieces
 37933 | Orc:2    | Bought a ration for 55 gold pieces
 37933 | Orc:2    | Bought a ration for 55 gold pieces
 37933 | Orc:2    | Bought a ration for 55 gold pieces
 37933 | Orc:2    | Bought a ration for 55 gold pieces
 37933 | Orc:2    | Bought a ration for 55 gold pieces
 37933 | Orc:2    | Bought a ration for 55 gold pieces
 37933 | Orc:2    | Bought a ration for 55 gold pieces
 37933 | Orc:2    | Bought a ration for 55 gold pieces
 38354 | Lair:1   | Killed Zero's ghost
 38463 | Lair:1   | Identified the Volume of Creative Confrontation
 38548 | Swamp:1  | Entered Level 1 of the Swamp
 40779 | Swamp:2  | Found a shattered altar of Ashenzari.
 40970 | Swamp:2  | You are sucked into a shaft and drop 1 floor!
 41172 | Swamp:3  | Got a scintillating platinum amulet
 41173 | Swamp:3  | Identified the amulet "Bastee" {Inacc rC++} (You found it
                  | on level 3 of the Swamp)
 41745 | Swamp:3  | Got a heavily runed copper ring
 41746 | Swamp:3  | Identified the ring of the Two Names {rElec rN+ Int+3} (You
                  | found it on level 3 of the Swamp)
 41898 | Swamp:4  | Entered Level 4 of the Swamp
 41901 | Swamp:4  | Reached skill level 15 in Earth Magic
 42910 | Swamp:4  | Reached XP level 20. HP: 124/124 MP: 32/37
 42918 | Swamp:4  | Noticed the 27-headed Lernaean hydra
 42921 | Swamp:4  | Killed the 27-headed Lernaean hydra
 43003 | Swamp:4  | Got a decaying rune of Zot
 43149 | Swamp:4  | Found a runed translucent door.
 43157 | Swamp:4  | Noticed Zero's ghost (adept GrBe)
 43814 | Swamp:4  | Killed Zero's ghost
 44007 | Spider:1 | Entered Level 1 of the Spider Nest
 44350 | Spider:1 | Reached skill level 16 in Fire Magic
 45181 | Spider:2 | Noticed Aizul
 45186 | Spider:2 | Killed Aizul
 45761 | Spider:3 | Lost mutation: You have a pair of small horns on your head.
                  | [potion of mutation]
 45761 | Spider:3 | Lost mutation: You are weak. (Str -2) [potion of mutation]
 45761 | Spider:3 | Lost mutation: Your spells are a little harder to cast, but
                  | a little more powerful. [potion of mutation]
 45761 | Spider:3 | Gained mutation: Your mind is acute. (Int +2) [potion of
                  | mutation]
 45761 | Spider:3 | Gained mutation: You have a somewhat thin skeletal
                  | structure. (Dex +2, Stealth) [potion of mutation]
 45761 | Spider:3 | Gained mutation: Your mind is very acute. (Int +4) [potion
                  | of mutation]
 46207 | Spider:4 | Entered Level 4 of the Spider Nest
 46207 | Spider:4 | Found a runed translucent gate.
 46207 | Spider:4 | Found a runed translucent gate.
 46207 | Spider:4 | Found a runed translucent gate.
 46291 | Spider:4 | Noticed Mara
 46299 | Spider:4 | Killed Mara
 46427 | Spider:4 | Noticed grizmgrazm2's ghost (adept GnWn)
 46442 | Spider:4 | Killed grizmgrazm2's ghost
 47023 | Spider:4 | Reached XP level 21. HP: 130/130 MP: 34/39
 47226 | Spider:4 | Got a gossamer rune of Zot
 47721 | Vaults:1 | Entered Level 1 of the Vaults
 47728 | Vaults:1 | Learned a level 5 spell: Dispel Undead
 47987 | Vaults:1 | Reached skill level 1 in Necromancy
 47995 | Vaults:1 | Slain by an orc knight

Levels and vault maps discovered:
D:1:      ncdulo_lavacross, layout_loops_ring
D:2:      layout_rooms, amethyst_overflow_temple_binary
D:3:      layout_basic, kennysheep_slug_shrine
D:4:      minmay_skewed_foursquare, layout_basic,
          nicolae_ossuary_entry_catacombs, first_ration
D:5:      layout_cave_pods, minmay_temple_entry_stoned_glass, serial_shops,
          shop, kennysheep_little_box, shop, nicolae_shop_behind_doors,
          kennysheep_path_1, minmay_misc_feat_roman
D:6:      layout_cave_pools, grunt_temple_overflow_order_and_chaos_1,
          chequers_temple_overflow_statue_of_worship, serial_undead,
          serial_undead_d, serial_undead_e, serial_undead_c, serial_undead_f
D:7:      layout_basic, uniq_duvessa
D:8:      layout_basic, lair_entry_dummy, hangedman_ru_absence, uniq_joseph
D:9:      layout_loops_ring, gammafunk_ghost_necromancy, grunt_ogre_cave,
          uniq_prince_ribbit1
D:10:     layout_stronghold, serial_shops, shop, minivault_19
D:11:     layout_roguey, zombieorc1_lemuel, wad_dig_loot
D:12:     layout_basic, enter_trove_5, xom_redecorated, uniq_josephine,
          uniq_rupert
D:13:     layout_roguey, ximxim_vaults_locker_room, gauntlet_entry_generic,
          st_stairs_7, uniq_jorgrun
D:14:     layout_roguey
D:15:     grunt_enter_depths_hoard, layout_cross, nicolae_two_hexagons,
          serial_shops, nicolae_shop_overgrown_old_shop,
          okawaru_ov_weapons_minmay, uniq_azrael
Lair:1:   layout_gridlike, gammafunk_ghost_ooze, minivault_27,
          beast_lair_carwin_4, serial_bayou_shore_b
Lair:2:   layout_loops_ring, spider_nest_entry_funnel_web, serial_forest,
          infiniplex_forest_clump_cross, infiniplex_forest_lined_corner,
          infiniplex_forest_straight_1, infiniplex_forest_straight_2,
          infiniplex_forest_clump_large
Lair:3:   layout_gridlike, special_room [special_room_bee], st_stairs_4,
          chequers_serial_rivers_micro_a, grunt_forest_stairs_clearing,
          infiniplex_staircase_pool, uniq_sonja
Lair:4:   layout_gridlike, swamp_mist, minivault_19
Lair:5:   layout_gridlike, patterned_corridor, grunt_megastairs_3
Lair:6:   grunt_lair_end_beastmaster, layout_misc_corridors, slime_altar_1,
          nicolae_lair_yak_garden, uniq_kirke, uniq_nessos
Swamp:1:  layout_basic_swamp, evilmike_swamp_ruin_wall,
          infiniplex_staircase_pool_2
Swamp:2:  layout_basic_swamp, basic_altar, swamp_pool1,
          nicolae_swamp_triple_paths
Swamp:3:  layout_falls_marsh, nicolae_swamp_round_clearing, swamp_pool1
Swamp:4:  grunt_swamp_rune_castle, layout_basic_swamp,
          ebering_ghost_reflecting_pool, swamp_pool1
Spider:1: layout_spider_delve
Spider:2: layout_spider_delve, uniq_aizul
Spider:3: lemuel_spider_zombies, guppyfry_hornet_nest
Spider:4: spider_rune_water, ebering_ghost_rock_garden, uniq_mara
Orc:1:    layout_diamond_mine
Orc:2:    pf_orc_diabolical, layout_caves
Elf:1:    layout_geoelf_grid, gammafunk_ghost_grave, serial_shops,
          nicolae_shop_statue_plus, minmay_elf_necromancy, minivault_25_ag
Elf:2:    layout_gridlike, serial_corexii_hall, corexii_hall_statues_x,
          corexii_hall_statues_x, guppyfry_library_mini
Elf:3:    minmay_elf_hall_four_x, layout_onion_city, mu_enter_wizlab_5,
          corexii_checkpoint_a
Vaults:1: v_alt_pattern_4, nicolae_vaults_specimen_jars, grunt_vaults_bifocal,
          v_alt_pattern_4, nicolae_vaults_border_crossing, nicolae_vaults_theta,
          nicolae_vaults_ninety_degrees, nicolae_vaults_what_the_h,
          dpeg_vaults_waves, v_pattern_5, v_misc_18, vaults_dpeg_encased_lava,
          nicolae_vaults_asterisk, layout_vaults_maze, serial_shops,
          bzr_entry_lakeside

Skill      XL: |  1  2  3  4  5  6  7  8  9 10 11 12 13 14 15 16 17 18 19 20 21 |
---------------+----------------------------------------------------------------+-----
Earth Magic    | 4 5 6 7 8 9 10 11 12 13 14 15 | 15.9
Conjurations   | 1 3 4 5 6 7 8 9 10 11 12 13 14 | 14.2
Spellcasting   | 3 4 5 6 7 8 9 10 11 13 14 | 14.8
Armour         | 1 3 4 5 6 |  6.0
Fighting       | 1 3 4 5 7 8 9 10 11 12 13 | 13.7
Maces & Flails | 1 2 4 5 6 7 8 9 10 11 12 | 12.7
Dodging        | 2 3 4 5 6 7 8 9 10 11 | 11.2
Evocations     | 2 4 5 6 |  6.0
Fire Magic     | 10 13 14 15 16 | 16.7
Necromancy     | 1 |  1.0
Stealth        | |  2.1
Transmutations | |  0.7

Action                   |  1- 3 |  4- 6 |  7- 9 | 10-12 | 13-15 | 16-18 | 19-21 || total
-------------------------+-------+-------+-------+-------+-------+-------+-------++-------
Melee: Club              |    19 |       |       |       |       |       |       ||    19
       Mace              |    24 |    22 |       |       |       |       |       ||    46
       Short sword       |       |   134 |       |       |       |       |       ||   134
       Whip              |       |    86 |   411 |   595 |   774 |    86 |       ||  1952
       Headbutt          |       |       |       |    39 |   104 |    33 |    29 ||   205
       Flail             |       |       |       |       |       |   129 |   347 ||   476
 Cast: Sandblast         |    22 |    36 |    96 |   194 |   202 |    72 |    74 ||   696
       Stone Arrow       |       |       |    16 |    27 |    30 |       |     2 ||    75
       Lee's Rapid Decon |       |       |     3 |    36 |    56 |   191 |    59 ||   345
       Iron Shot         |       |       |       |       |    93 |   112 |    97 ||   302
       Venom Bolt        |       |       |       |       |    24 |    10 |       ||    34
       Bolt of Fire      |       |       |       |       |       |    75 |   100 ||   175
       Ignition          |       |       |       |       |       |       |    46 ||    46
 Abil: Fly               |       |       |       |       |     1 |       |       ||     1
Evoke: Wand              |       |       |     5 |    13 |       |     7 |       ||    25
       Phantom mirror    |       |       |       |       |     1 |       |       ||     1
       Phial of floods   |       |       |       |       |     1 |       |       ||     1
       Lightning rod     |       |       |       |       |       |     2 |       ||     2
  Use: Scroll            |       |     7 |    15 |    14 |    12 |    15 |    14 ||    77
       Potion            |       |     1 |       |     8 |     6 |     8 |     3 ||    26
 Stab: Sleeping          |     2 |     6 |     5 |     4 |     4 |     1 |     4 ||    26
       Distracted        |       |     1 |       |       |       |       |     2 ||     3
  Eat: Chunk             |       |     6 |    13 |    22 |    43 |    35 |    25 ||   144
       Ration            |       |     1 |       |     4 |     9 |    12 |    10 ||    36
Armor: Robe              |    31 |    93 |   107 |   275 |   308 |    99 |   375 ||  1288
Dodge: Dodged            |    59 |   218 |   289 |   442 |   426 |   150 |   493 ||  2077
Block: Other             |       |       |    45 |   149 |   175 |    45 |   121 ||   535
       Reflection        |       |       |     1 |    11 |     3 |    11 |     3 ||    29

Table legend:
 A = Non-vault XP
 B = Vault XP
 C = Vault XP percentage of total XP
 D = Non-vault monster count
 E = Vault monster count
 F = Vault count percentage of total count
                 A         B        C        D         E       F
            +---------+---------+-------+---------+---------+-------
      Total |  300228 |  227778 |  43.1 |    1070 |     456 |  29.9
            +---------+---------+-------+---------+---------+-------
        D:1 |      35 |       0 |   0.0 |      21 |       0 |   0.0
        D:2 |     111 |       0 |   0.0 |      29 |       0 |   0.0
        D:3 |     151 |       4 |   2.6 |      30 |       1 |   3.2
        D:4 |     477 |     361 |  43.1 |      21 |      12 |  36.4
        D:5 |     648 |       0 |   0.0 |      22 |       0 |   0.0
        D:6 |     603 |     180 |  23.0 |      11 |       7 |  38.9
        D:7 |     489 |     209 |  29.9 |       8 |       2 |  20.0
        D:8 |     473 |     575 |  54.9 |      14 |       1 |   6.7
        D:9 |    3130 |    2627 |  45.6 |      58 |      10 |  14.7
       D:10 |    2009 |       0 |   0.0 |      29 |       0 |   0.0
       D:11 |    8432 |     919 |   9.8 |      58 |      30 |  34.1
       D:12 |    5756 |    5742 |  49.9 |      24 |       8 |  25.0
       D:13 |   10958 |    8288 |  43.1 |      44 |      13 |  22.8
       D:14 |    5483 |     200 |   3.5 |      32 |       1 |   3.0
       D:15 |    5217 |    3868 |  42.6 |      10 |       6 |  37.5
     Lair:1 |    3990 |    3162 |  44.2 |      13 |      11 |  45.8
     Lair:2 |    8029 |     896 |  10.0 |      29 |       3 |   9.4
     Lair:3 |    5651 |    4282 |  43.1 |      27 |      34 |  55.7
     Lair:4 |    8386 |       0 |   0.0 |      33 |       0 |   0.0
     Lair:5 |    7407 |     340 |   4.4 |      24 |       3 |  11.1
     Lair:6 |   13616 |   13827 |  50.4 |      29 |      24 |  45.3
    Swamp:1 |   20928 |       0 |   0.0 |      51 |       0 |   0.0
    Swamp:2 |    8006 |       0 |   0.0 |      29 |       0 |   0.0
    Swamp:3 |    7378 |       0 |   0.0 |      17 |       0 |   0.0
    Swamp:4 |   22091 |   24241 |  52.3 |      45 |      34 |  43.0
   Spider:1 |   12074 |       0 |   0.0 |      42 |       0 |   0.0
   Spider:2 |   11596 |    1625 |  12.3 |      29 |       1 |   3.3
   Spider:3 |    4569 |   11148 |  70.9 |      14 |      28 |  66.7
   Spider:4 |   11809 |   35807 |  75.2 |      31 |      45 |  59.2
      Orc:1 |     802 |       0 |   0.0 |       7 |       0 |   0.0
      Orc:2 |    2083 |   17405 |  89.3 |      43 |      67 |  60.9
      Elf:1 |   18464 |    7900 |  30.0 |      29 |      15 |  34.1
      Elf:2 |   24076 |    8131 |  25.2 |      39 |      14 |  26.4
      Elf:3 |   30811 |   62112 |  66.8 |      59 |      42 |  41.6
   Vaults:1 |   14679 |    3611 |  19.7 |      34 |       5 |  12.8
    Ossuary |       0 |     687 | 100.0 |       0 |      27 | 100.0
     WizLab |   19811 |    5261 |  21.0 |      35 |       5 |  12.5
   Gauntlet |       0 |    4370 | 100.0 |       0 |       7 | 100.0
            +---------+---------+-------+---------+---------+-------
